 Dungeon Crawl Stone Soup version 0.25.0-26-g0c896c7 (webtiles) character file.

Game seed: 4043188326528135936

1304 robertstho the Quickloader (level 8, -7/49 HPs)
             Began as a Kobold Hunter on July 1, 2020.
             Was an Initiate of Okawaru.
             Mangled by an ogre
             ... wielding a +0 giant spiked club
              (29 damage)
             ... on level 7 of the Dungeon.
             The game lasted 00:14:39 (7060 turns).

robertstho the Quickloader (Kobold Hunter)          Turns: 7060, Time: 00:14:40

Health: -7/49      AC:  5    Str: 11    XL:     8   Next: 88%
Magic:  9/9        EV: 16    Int: 13    God:    Okawaru [......]
Gold:   385        SH:  0    Dex: 15    Spells: 7/7 levels left

rFire    . . .     SeeInvis .   x - +0 dagger (speed)
rCold    + . .     Gourm    .   (shield restricted)
rNeg     . . .     Faith    .   D - +0 troll leather armour {Purgy}
rPois    .         Spirit   .   (no helmet)
rElec    .         Reflect  .   j - scarf {+Inv}
rCorr    +         Harm     .   o - +0 pair of gloves
MR       .....                  (no boots)
Stlth    ++........             e - amulet of magic regeneration
HPRegen  0.56/turn              c - ring of protection from cold
MPRegen  0.36/turn              d - ring of resist corrosion

@: very slightly contaminated
A: small, carnivore
a: Renounce Religion, Evoke Invisibility


You were on level 7 of the Dungeon.
You worshipped Okawaru.
Okawaru was noncommittal.
You were very full.

You visited 2 branches of the dungeon, and saw 8 of its levels.
You also visited: Sewer.

You collected 385 gold pieces.

Inventory:

Hand Weapons
 a - a +1 hand crossbow
 b - a +0 short sword
 x - a +0 dagger of speed (weapon)
Missiles
 w - 23 bolts
Armour
 j - a scarf of invisibility (worn)
 o - a +0 pair of gloves (worn)
 r - a +0 ring mail
 y - a +0 helmet
 D - a +0 troll leather armour (worn) {Purgy}
Jewellery
 c - a ring of protection from cold (left hand)
 d - a ring of resist corrosion (right hand)
 e - an amulet of magic regeneration (around neck)
Wands
 l - a wand of random effects (16)
 E - a wand of digging (6)
Scrolls
 h - 8 scrolls of teleportation
 m - 5 scrolls of fear {unknown}
 n - a scroll of enchant weapon {unknown}
 q - 3 scrolls of remove curse {unknown}
 s - 2 scrolls of fog {unknown}
 t - 2 scrolls of immolation
 C - a scroll of blinking
Potions
 z - 2 potions of stabbing
 A - 3 potions of flight
 B - a potion of cancellation
 F - a potion of berserk rage
Comestibles
 f - 11 rations


   Skills:
 * Level 5.2 Fighting
 + Level 6.0 Short Blades
 * Level 8.2 Crossbows
 + Level 2.3 Armour
 + Level 4.4 Dodging
 + Level 3.0 Stealth
 * Level 1.2 Invocations
 * Level 1.6 Evocations


You had 7 spell levels left.
You didn't know any spells.
Your spell library contained the following spells:

 Spells                   Type           Power        Failure   Level  Hunger
 Animate Skeleton         Necr           N/A          38%         1    ##.....
 Beastly Appendage        Tmut           #.....       38%         1    ##.....
 Pain                     Necr           #...         38%         1    ##.....
 Sticks to Snakes         Tmut           #.......     52%         2    ###....
 Spider Form              Tmut/Pois      #.........   77%         3    ####...
 Vampiric Draining        Necr           #.........   77%         3    ####...
 Animate Dead             Necr           N/A          99%         4    #####..
 Ice Form                 Ice/Tmut       #.......     99%         4    #####..
 Agony                    Necr           #.......     100%        5    ######.
 Blade Hands              Tmut           #.........   100%        5    ######.


Dungeon Overview and Level Annotations

Branches:
Dungeon (7/15)             Temple (1/1) D:6           Sewer (visited)

Altars:
Ashenzari
Cheibriados
Fedhas
Gozag
Nemelex Xobeh
Okawaru
Sif Muna
Trog
Uskayaw
Vehumet
Wu Jian
Xom
The Shining One

Shops:
D:6 }%:   D:7 *


Innate Abilities, Weirdness & Mutations

You are small and have problems with some larger weapons.
You are carnivorous and can eat meat at any time.


Message History

You flicker for a moment.
You start resting.
You flicker back into view.
You start resting.
HP restored.
Found 19 gold pieces.
Found an elf skeleton.
You see here an elf skeleton.
Found an orc skeleton.
You see here 19 gold pieces.
An ogre comes into view. It is wielding a +0 giant spiked club.
Found a throwing net and 5 rations.
The ogre hits you with a +0 giant spiked club!!
Ouch! That really hurt!
You see here a throwing net.
You hit the ogre.
The ogre is lightly wounded.
The ogre hits you with a +0 giant spiked club!!
Ouch! That really hurt!
You die...

### ## #.. #. #.#
#. #.# #. #.# #.
#.### #. ##.!.##
###### #.
##.###.#####..÷÷#
#. #..#
#...#.$#@§%# #.
#..###..÷.###%O%#
####. #.#...##.##
##### ##....
#........#
######.....
#............
#..........
#.##.###.###.
#.####.....
#.##.# #.# ##...#
#.##.# #.#
..######..# #.
#.# #.#
≈≈≈≈≈≈≈#..#


You could see an ogre.

Vanquished Creatures
  Sigmund (D:6)
  A sky beast (D:6)
  Purgy (Sewer)
  3 centaurs
  A bullfrog (D:7)
  A scorpion (D:3)
  A howler monkey (D:4)
  A crimson imp (D:6)
  A centaur zombie (D:6)
  A hound (D:6)
  A centaur skeleton (D:5)
  A jelly (D:6)
  2 orc wizards
  A bullfrog skeleton (D:6)
  Jessica (D:3)
  An iguana (D:6)
  Terence (D:2)
  A worker ant (D:4)
  A hound zombie (D:6)
  Robin (D:3)
  A worker ant zombie (D:5)
  A gnoll (D:4)
  5 adders
  A shadow imp (D:6)
  An adder skeleton (D:4)
  A worm (D:3)
  2 dart slugs
  A leopard gecko (D:1)
  13 orcs
  3 giant cockroaches
  16 goblins
  10 hobgoblins
  16 jackals
  5 kobolds
  4 quokkas (D:3)
  4 ball pythons
  9 bats
  10 frilled lizards
  A jackal zombie (D:6)
  A leopard gecko skeleton (D:4)
  11 rats
139 creatures vanquished.

Notes
Turn   | Place    | Note
-------+----------+-------------------------------------------
     0 | D:1      | robertstho the Kobold Hunter began the quest for the Orb.
     0 | D:1      | Reached XP level 1. HP: 12/12 MP: 1/1
    51 | D:1      | Reached skill level 5 in Crossbows
    78 | D:1      | Reached XP level 2. HP: 18/18 MP: 2/2
   499 | D:1      | Reached XP level 3. HP: 22/22 MP: 3/3
  1182 | D:2      | Noticed Terence
  1192 | D:2      | Killed Terence
  1192 | D:2      | Reached skill level 6 in Crossbows
  1192 | D:2      | Reached XP level 4. HP: 19/27 MP: 4/4
  1287 | D:2      | Found a snail-covered altar of Cheibriados.
  1805 | D:2      | Found a sparkling altar of Nemelex Xobeh.
  1900 | D:3      | Reached XP level 5. HP: 32/32 MP: 5/5
  1944 | D:3      | Found a hide-covered altar of Uskayaw.
  2032 | D:3      | Reached skill level 7 in Crossbows
  2367 | D:3      | Noticed Robin
  2410 | D:3      | Noticed Jessica
  2415 | D:3      | Killed Jessica
  2415 | D:3      | Reached XP level 6. HP: 9/37 MP: 6/6
  2844 | D:3      | Reached skill level 1 in Short Blades
  2900 | D:3      | Killed Robin
  4206 | D:4      | Reached skill level 1 in Armour
  4765 | D:5      | Entered Level 5 of the Dungeon
  4792 | D:5      | Reached XP level 7. HP: 38/42 MP: 7/7
  4886 | D:6      | Found a glowing drain.
  4931 | D:6      | Noticed Sigmund
  4936 | Sewer    | Entered a sewer
  5050 | Sewer    | Noticed Purgy
  5084 | Sewer    | Killed Purgy
  5308 | D:6      | Killed Sigmund
  5426 | D:6      | Reached XP level 8. HP: 32/48 MP: 8/8
  5493 | D:6      | Found a shattered altar of Ashenzari.
  5525 | D:6      | Reached skill level 5 in Short Blades
  5661 | D:6      | Found Qinweb's Book Shoppe.
  5772 | D:6      | Reached skill level 1 in Evocations
  5827 | D:6      | Reached skill level 8 in Crossbows
  5988 | D:6      | Found Xet Suamnu's Gadget Emporium.
  5992 | D:6      | Found Okuocsuu's Food Shoppe.
  6014 | D:6      | Found a radiant altar of Vehumet.
  6102 | D:6      | Found a staircase to the Ecumenical Temple.
  6199 | Temple   | Entered the Ecumenical Temple
  6215 | Temple   | Became a worshipper of Warmaster Okawaru
  6250 | D:6      | Reached skill level 5 in Fighting
  6890 | D:7      | Found Gozag's Platinum Reserve.
  6890 | D:7      | Found an opulent altar of Gozag.
  6967 | D:7      | Reached skill level 1 in Invocations
  7060 | D:7      | Mangled by an ogre

Illustrated notes

Levels and vault maps discovered:
D:1:      saegor_arrival_simple_e, layout_basic, hex_intersection,
          chequers_serial_rivers_large_a, hangedman_decor_growths
D:2:      layout_basic, lemuel_coloured_pillars_altar, cheibriados_altar_1,
          nicolae_underground_beach, uniq_terence
D:3:      layout_basic, eat_drink_and_be_merry_uskayaw, grunt_decor_clamped,
          minmay_misc_feat_rows, uniq_jessica, uniq_robin
D:4:      layout_basic, kennysheep_generic_room_3
D:5:      layout_basic, first_ration
D:6:      layout_cave_pools, kennysheep_mini, minmay_temple_entry_trees,
          serial_shops, nicolae_shop_behind_doors, shop,
          nicolae_shop_temple_entry_statues_fountains, portal_sewer_entry_b,
          cheibrodos_ashenzari_chains, uniq_sigmund
D:7:      statuecave_lemuel, layout_loops_ring, nicolae_gozag_zags_fifth_avenue,
          basic_altar, grunt_ogre_cave, uniq_crazy_yiuf_cottage
Temple:   nicolae_temple_god_jail

Skill      XL: |  1  2  3  4  5  6  7  8 |
---------------+-------------------------+-----
Crossbows      | 5 6 7 8 |  8.2
Fighting       | 3 4 5 |  5.2
Short Blades   | 2 4 6 |  6.0
Stealth        | 2 3 |  3.0
Armour         | 1 2 |  2.3
Dodging        | 3 4 |  4.4
Evocations     | 1 |  1.6
Invocations    | 1 |  1.2

Action                   |  1- 3 |  4- 6 |  7- 9 || total
-------------------------+-------+-------+-------++-------
Melee: Short sword       |       |   136 |    41 ||   177
       Dagger            |       |   136 |   373 ||   509
 Fire: Hand crossbow     |    52 |    88 |     5 ||   145
 Abil: Evoke Invisibilit |       |       |     1 ||     1
Evoke: Wand              |       |     4 |    21 ||    25
  Use: Scroll            |       |     1 |     8 ||     9
       Potion            |       |     4 |    12 ||    16
 Stab: Sleeping          |       |     1 |       ||     1
       Invisible         |       |       |     3 ||     3
       Distracted        |       |       |     1 ||     1
  Eat: Chunk             |     9 |    12 |     6 ||    27
Armor: Leather armour    |     3 |     1 |       ||     4
       Ring mail         |       |    72 |    23 ||    95
       Skin              |       |    20 |    38 ||    58
       Troll leather arm |       |       |    53 ||    53
Dodge: Dodged            |    10 |   172 |   219 ||   401
